 Dungeon Sprint DCSS version 0.17-a0-1793-gcbb3aa1 (webtiles) character file.

159 pipel the Fighter (level 5, -1/57 HPs)
             Began as a Centaur Gladiator on Sept 9, 2015.
             Was an Initiate of Okawaru.
             Slain by a hill giant
             ... wielding a +0 giant club
              (26 damage)
             ... in the Dungeon (Sprint IX: "|||||||||||||||||||||||||||||").
             The game lasted 00:01:45 (455 turns).

pipel the Fighter (Centaur Gladiator)                Turns: 455, Time: 00:01:45

Health: -1/57      AC: 18    Str: 18    XL:     5   Next: 17%
Magic:  5/5        EV:  8    Int:  7    God:    Okawaru [......]
Gold:   0          SH:  0    Dex: 10    Spells: 0 memorised, 4 levels left

rFire  . . .     SeeInvis .     a - +2 halberd (protect)
rCold  . . .     Clarity  .     u - +1 chain mail
rNeg   . . .     SustAt   .     (no shield)
rPois  .         Gourm    .     c - +0 helmet
rElec  .         Spirit   .     s - +0 cloak
rCorr  .         Warding  .     t - +0 pair of gloves
rMut   .         NoTele   +     (no barding)
MR     .....                    (no amulet)
Stlth  ..........               w - +2 ring of protection
                                v - +2 ring of evasion

@: very quick, not resistant to hostile enchantments, extremely unstealthy
A: hooves 3, deformed body, speed 2, tough skin 3
a: Renounce Religion


You were in the Dungeon.
You worshipped Okawaru.
Okawaru was noncommittal.
You were not hungry.

You visited 1 branch

Inventory:

Hand weapons
 a - a +2 halberd of protection (weapon)
 r - a +0 trident
Missiles
 d - a throwing net (quivered)
Armour
 c - a +0 helmet (worn)
 s - a +0 cloak (worn)
 t - a +0 pair of gloves (worn)
 u - a +1 chain mail (worn)
Magical staves
 q - an uncursed staff of energy
Jewellery
 v - a +2 ring of evasion (left hand)
 w - a +2 ring of protection (right hand)
Magical devices
 p - a wand of draining (6)
Scrolls
 k - 2 scrolls of blinking
 n - 3 scrolls of remove curse
 o - 2 scrolls of amnesia
Potions
 f - 5 potions of curing
 g - 3 potions of heal wounds
 h - a potion of haste
 i - 4 potions of magic
 j - a potion of berserk rage
 m - a potion of invisibility
Comestibles
 e - a bread ration
 l - 3 chunks of flesh


   Skills:
 + Level 9.0 Fighting
 - Level 4.1 Polearms
 - Level 3.6 Throwing
 - Level 0.5 Armour
 - Level 3.7 Dodging


You had 4 spell levels left.
You didn't know any spells.

Dungeon Overview and Level Annotations

Branches:
Dungeon (1/1)

Altars:
Cheibriados
Dithmenos
Elyvilon
Fedhas
Gozag
Kikubaaqudgha
Makhleb
Nemelex Xobeh
Okawaru
Qazlal
Ru
Sif Muna
Trog
Vehumet
Xom
Yredelemnul
Zin
The Shining One
Beogh
Jiyva
Lugonu


Innate Abilities, Weirdness & Mutations

You have hooves in place of feet.
Armour fits poorly on your strangely shaped body.
You cover ground very quickly.
You have extremely tough skin (AC +3).


Message History

The adder zombie struggles to escape the net.
The hill giant hits you with a giant club!
The adder zombie struggles against the net.
There is a blossoming altar of Fedhas here.
There is a corrupted altar of Lugonu here.
Attack whom?
Press: ? - help, Dir - move target cursor, f/p - hill giant
Aim: a hill giant, wielding a giant club (heavily wounded)
You reach to attack!
You puncture the hill giant!
The hill giant is severely wounded.
There is a viscous altar of Jiyva here.
There is a roughly hewn altar of Beogh here.
Attack whom?
Press: ? - help, Dir - move target cursor, f/p - hill giant
Aim: a hill giant, wielding a giant club (severely wounded)
You reach to attack!
You hit the hill giant but do no damage.
The hill giant is severely wounded.
The hill giant hits you with a giant club!!
You die...

▓_▓
▓_▓
▓_▓
▓_▓
▓_▓
▓_▓
▓_▓
▓_▓
▓@▓
▓C▓
▓_▓
▓_▓
▓_▓
▓_▓
▓_▓
▓Z▓
▓_▓


You could see a hill giant and an adder zombie.

Vanquished Creatures
  A sky beast (D)
  A hound (D)
  3 adders (D)
  A hobgoblin (D)
  A quokka (D)
  A bat (D)
  A giant cockroach (D)
  A giant newt (D)
  A rat (D)
11 creatures vanquished.

Notes
Turn   | Place    | Note
--------------------------------------------------------------
     0 | D        | pipel the Centaur Gladiator began the quest for the Orb.
     0 | D        | Reached XP level 1. HP: 17/17 MP: 1/1
   162 | D        | Noticed a hound
   175 | D        | Reached skill level 3 in Polearms
   175 | D        | Reached XP level 2. HP: 18/25 MP: 2/2
   178 | D        | Killed a hound
   178 | D        | Reached skill level 4 in Polearms
   178 | D        | Reached XP level 3. HP: 16/31 MP: 3/3
   216 | D        | Found a glowing silver altar of Zin.
   216 | D        | Found a glowing golden altar of the Shining One.
   216 | D        | Found an ancient bone altar of Kikubaaqudgha.
   216 | D        | Found a basalt altar of Yredelemnul.
   216 | D        | Found a shimmering altar of Xom.
   216 | D        | Found a radiant altar of Vehumet.
   217 | D        | Found an iron altar of Okawaru.
   218 | D        | Found a burning altar of Makhleb.
   219 | D        | Found a deep blue altar of Sif Muna.
   220 | D        | Found a bloodstained altar of Trog.
   221 | D        | Found a sparkling altar of Nemelex Xobeh.
   222 | D        | Found a white marble altar of Elyvilon.
   223 | D        | Found a roughly hewn altar of Beogh.
   224 | D        | Found a viscous altar of Jiyva.
   225 | D        | Became a worshipper of Warmaster Okawaru
   226 | D        | Found a corrupted altar of Lugonu.
   227 | D        | Found a blossoming altar of Fedhas.
   228 | D        | Found a snail-covered altar of Cheibriados.
   229 | D        | Found a shadowy altar of Dithmenos.
   230 | D        | Found a stormy altar of Qazlal.
   231 | D        | Found an opulent altar of Gozag.
   232 | D        | Found a sacrificial altar of Ru.
   418 | D        | Noticed a sky beast
   418 | D        | Noticed a phantom
   418 | D        | Noticed a hound
   418 | D        | Noticed an ice beast
   418 | D        | Noticed a hill giant
   424 | D        | Killed a sky beast
   424 | D        | Reached skill level 9 in Fighting
   424 | D        | Reached XP level 4. HP: 41/50 MP: 4/4
   424 | D        | Reached XP level 5. HP: 46/57 MP: 5/5
   455 | D        | Slain by a hill giant

Vault maps used:
D:        linesprint

Action                   |  1- 3 |  4- 6 || total
-------------------------+-------+-------++-------
Melee: Trident           |    45 |       ||    45
       Halberd           |     5 |    11 ||    16
Throw: Throwing net      |       |     2 ||     2
Evoke: Wand              |     1 |       ||     1
